 Dungeon Crawl Stone Soup version 0.30-a0-626-gd6a5dd7a1f (webtiles) character file.

Game seed: 16797845587172793563

8027 avis the Carver (level 10, -10/83 HPs)
             Began as a Demigod Warper on Jan 11, 2023.
             Mangled by a centaur warrior (15 damage)
             ... on level 10 of the Dungeon.
             The game lasted 01:14:17 (12180 turns).

avis the Carver (Demigod Warper)                   Turns: 12180, Time: 01:14:18

Health: -10/83     AC:  1    Str: 12    XL:     10   Next: 75%
Magic:  16/16      EV: 21    Int: 21    God:
Gold:   321        SH:  0    Dex: 25    Spells: 4/13 levels left

rFire   . . .      SeeInvis +    a - +9 falchion of Dissatisfaction {heavy, *Corrode rElec rC+ SInv}
rCold   + . .      Faith    .    (no shield)
rNeg    . . .      Spirit   .    D - +0 robe {Will+}
rPois   .          Reflect  .    n - +0 hat
rElec   +          Harm     .    (no cloak)
rCorr   .          Rampage  .    U - +0 pair of gloves
Will    ++...                    o - +1 pair of boots
Stlth   +                        H - amulet of magic regeneration
HPRegen 0.33/turn                i - +6 ring of intelligence
MPRegen 0.55/turn                (no ring)

@: confused, ambrosia-drunk, corroded, invisible (expiring)
A: high MP 1, forlorn, divine attributes
a: no special abilities


You were on level 10 of the Dungeon.
You visited 2 branches of the dungeon, and saw 11 of its levels.

You collected 733 gold pieces.
You spent 412 gold pieces at shops.

Inventory:

Hand Weapons
 a - the +9 falchion of Dissatisfaction (weapon) {heavy, *Corrode rElec rC+ SInv}
   (You took it off a gnoll on level 9 of the Dungeon)

   rC:        It protects you from cold.
   rElec:     It insulates you from electricity.
   SInv:      It lets you see invisible.
   *Corrode:  It may corrode you when you take damage.
 b - a +2 heavy long sword
 c - the +1 flail "Grim" {drain, rF+ Str-2 Dex+2}
   (You found it on level 4 of the Dungeon)

   Str:       It affects your strength (-2).
   Dex:       It affects your dexterity (+2).
   rF:        It protects you from fire.
 w - a +0 arbalest
Missiles
 Q - 8 boomerangs (quivered)
 R - 9 poisoned darts
 Z - 6 curare-tipped darts
Armour
 n - a +0 hat (worn)
 o - a +1 pair of boots (worn)
 p - a +0 leather armour
 D - a +0 robe of willpower (worn)
 S - a +0 buckler
 U - a +0 pair of gloves (worn)
Jewellery
 d - a ring of poison resistance
 i - a +6 ring of intelligence (left hand)
 H - an amulet of magic regeneration (around neck)
Wands
 l - a wand of polymorph (9)
 y - a wand of digging (7)
 G - a wand of iceblast (22)
 X - a wand of paralysis (2)
Scrolls
 f - 5 scrolls of noise {unknown}
 h - 5 scrolls of teleportation {unknown}
 j - 2 scrolls of fear
 m - a scroll of amnesia {unknown}
 s - 3 scrolls of magic mapping
 t - 2 scrolls of brand weapon {unknown}
 x - 2 scrolls of enchant armour {unknown}
 E - a scroll of fog
 N - 3 scrolls of poison {unknown}
 O - a scroll of butterflies {unknown}
 P - 2 scrolls of blinking
Potions
 e - 2 potions of mutation
 g - 2 potions of resistance
 k - a potion of flight
 q - a potion of brilliance
 v - 2 potions of ambrosia
 z - a potion of magic
 A - a potion of haste
 B - 2 potions of invisibility
 C - a potion of might {unknown}
 I - 2 potions of cancellation
 L - a potion of berserk rage {unknown}
 M - 2 potions of degeneration {unknown}
 Y - a potion of experience {unknown}


   Skills:
 - Level 6.0 Fighting
 * Level 11.0 Long Blades
 - Level 0.8 Throwing
 - Level 0.8 Armour
 - Level 10.0 Dodging
 - Level 2.0 Spellcasting
 - Level 3.0 Translocations


You had 4 spell levels left.
You knew the following spells:

 Your Spells              Type           Power      Damage    Failure   Level
b - Blink                 Tloc           28%        N/A       6%          2
l - Teleport Other        Tloc           14%        N/A       13%         3
m - Manifold Assault      Tloc           14%        N/A       38%         4

Your spell library contained the following spells:

 Spells                   Type           Power      Damage    Failure   Level
 Apportation              Tloc           28%        N/A       4%          1
 Lesser Beckoning         Tloc           28%        N/A       13%         3
 Magic Dart               Conj           8%         1d3       14%         1
 Necrotise                Necr           8%         1d4       14%         1
 Slow                     Hex            8%         N/A       14%         1
 Summon Small Mammal      Summ           8%         N/A       14%         1
 Ensorcelled Hibernation  Hex/Ice        4%         N/A       22%         2
 Passwall                 Tmut/Erth      1%         N/A       22%         2
 Searing Ray              Conj           4%         2d4       22%         2
 Vhi's Electric Charge    Tloc/Air       16%        N/A       24%         3
 Confusing Touch          Hex            2%         N/A       41%         3
 Dazzling Flash           Conj/Hex       4%         N/A       41%         3
 Stone Arrow              Conj/Erth      4%         3d7       41%         3
 Swiftness                Air            2%         N/A       41%         3
 Vampiric Draining        Necr           2%         2d6       41%         3
 Iskenderun's Mystic Bla  Conj/Tloc      8%         2d4       61%         4
 Anguish                  Hex/Necr       1%         N/A       82%         4
 Animate Armour           Summ/Erth      4%         N/A       82%         4
 Fulminant Prism          Conj/Hex       1%         3d5       82%         4
 Freezing Cloud           Conj/Ice/Air   1%         6-21      99%         5
 Simulacrum               Ice/Necr       1%         N/A       100%        6
 Starburst                Conj/Fire      1%         6d3       100%        6
 Enfeeble                 Hex            1%         N/A       100%        7
 Malign Gateway           Summ/Tloc      4%         N/A       100%        7
 Lehudib's Crystal Spear  Conj/Erth      1%         10d2      100%        8
 Summon Horrible Things   Summ           1%         N/A       100%        8
 Polar Vortex             Ice            1%         N/A       100%        9


Dungeon Overview and Level Annotations

Branches:
Dungeon (10/15)            Temple (1/1) D:7
   Lair: D:8-11         Orc: D:9-12

Shops:
D:2 ?   D:6 [**

Annotations:
D:7 2 runed translucent doors, Iich's ghost, novice DsBe


Innate Abilities, Weirdness & Mutations

You have an increased reservoir of magic. (+10% MP)
You shall have no god before yourself.
Your divine heritage dramatically boosts your attributes as you level up.


Message History

The centaur warrior unwields a +0 shortbow.
The centaur warrior closely misses you.
The centaur warrior completely misses you.
The centaur warrior hits you!
* * * LOW HITPOINT WARNING * * *
The centaur warrior kicks you.
* * * LOW HITPOINT WARNING * * *
You barely miss the centaur warrior.
The centaur warrior is lightly wounded.
The centaur warrior hits you.
* * * LOW HITPOINT WARNING * * *
The centaur warrior kicks you.
* * * LOW HITPOINT WARNING * * *
You feel better. The centaur warrior barely misses you.
The centaur warrior completely misses you.
The centaur warrior barely misses you.
The centaur warrior completely misses you.
You closely miss the centaur warrior.
The centaur warrior is lightly wounded.
The centaur warrior closely misses you. The centaur warrior kicks you.
* * * LOW HITPOINT WARNING * * *
You catch the helpless centaur warrior completely off-guard!
You hit the centaur warrior but do no damage.
The centaur warrior barely misses you. The centaur warrior misses you.
The centaur warrior hits you!
* * * LOW HITPOINT WARNING * * *
The centaur warrior misses you.
You catch the helpless centaur warrior completely off-guard!
You slash the centaur warrior! You punch the centaur warrior.
The centaur warrior is moderately wounded.
The centaur warrior closely misses you. The centaur warrior misses you.
You are confused.
You feel invigorated. The centaur warrior barely misses you.
The centaur warrior closely misses you. The centaur warrior hits you.
* * * LOW HITPOINT WARNING * * *
The centaur warrior kicks you.
* * * LOW HITPOINT WARNING * * *
You fade further into invisibility.
You flicker for a moment.
The centaur warrior hits you!
You die...

#.. ..... ####...#### ... ###
.......#[.##...##.$#
.......#...##.##...#
......##...#.#[).#
.......##.)#.#'†## .
#....###..)###.....
#........8).......#
+....###.@c###....# #...##
+#.#'.# ...# #..## #.#...##..#
#..# ##.##...#..# # ######..#
##...##.[#..# .#
........####.....####..######.#
..............................#
..............................#
##+####............######.....#


You could see a centaur warrior (unable to see you).

Vanquished Creatures
  2 two-headed ogres (D:9)
  Pikel (D:8)
  A troll (D:6)
  2 hornets
  2 shadows (D:9)
  A wraith (D:10)
  5 yaks
  2 wyverns
  Grum (D:9)
  Eustachio (D:4)
  A steam dragon (D:9)
  An acid dragon (D:10)
  4 black bears
  An orc warrior (D:9)
  2 ogres
  A sky beast (D:7)
  3 wolves (D:9)
  A centaur (D:10)
  2 lemures (D:8)
  A phantom (D:4)
  2 kobold brigands
  6 bullfrogs
  4 scorpions
  2 necrophages
  A wyvern zombie (D:6)
  8 killer bees
  3 howler monkeys (D:9)
  6 bullfrog zombies (D:6)
  2 jellies
  9 orc priests
  4 hounds
  A gnoll bouda (D:9)
  3 bullfrog skeletons (D:6)
  Jessica (D:2)
  2 centaur skeletons (D:6)
  Natasha (thrice) (D:3)
  4 orc wizards
  A killer bee zombie (D:6)
  11 gnolls
  6 adders
  3 white imps
  An ufetubus (D:5)
  A worm (D:2)
  25 orcs
  4 ball pythons (D:2)
  9 endoplasms
  2 giant cockroaches (D:1)
  8 goblins
  6 hobgoblins
  4 jackals (D:2)
  2 quokkas
  8 bats
  2 frilled lizards
  9 kobolds
  4 rats (D:1)
202 creatures vanquished.

Vanquished Creatures (others)
  A centaur (D:10)
  An orc wizard (D:10)
  An orc (D:7)
  6 withered plants (D:6)
9 creatures vanquished.

Grand Total: 211 creatures vanquished

Notes
Turn   | Place    | Note
-------+----------+-------------------------------------------
     0 | D:1      | avis the Demigod Warper began the quest for the Orb.
     0 | D:1      | Reached XP level 1. HP: 17/17 MP: 5/5
   456 | D:1      | Reached XP level 2. HP: 21/25 MP: 7/7
  1154 | D:2      | Reached skill level 2 in Long Blades
  1331 | D:2      | Reached XP level 3. HP: 16/31 MP: 8/8
  1640 | D:2      | Found Raggoine's Magic Scroll Shop.
  1704 | D:2      | Reached skill level 3 in Long Blades
  1774 | D:2      | Learned a level 2 spell: Blink
  1995 | D:2      | Noticed Jessica
  2004 | D:2      | Killed Jessica
  2005 | D:2      | Reached XP level 4. HP: 17/38 MP: 9/9
  2465 | D:2      | Bought a scroll of identify for 28 gold pieces
  2465 | D:2      | Bought a scroll of enchant weapon for 105 gold pieces
  2527 | D:3      | Reached XP level 5. HP: 36/45 MP: 10/10
  2940 | D:3      | Noticed Natasha
  2947 | D:3      | Killed Natasha
  3105 | D:3      | Reached skill level 4 in Long Blades
  3214 | D:3      | Noticed Natasha
  3218 | D:3      | Killed Natasha
  3300 | D:3      | Noticed Natasha
  3304 | D:3      | Killed Natasha
  3558 | D:4      | Reached skill level 5 in Long Blades
  3558 | D:4      | Reached XP level 6. HP: 16/51 MP: 11/11
  3802 | D:4      | Identified the +1 flail "Grim" {drain, rF+ Str-2 Dex+2}
  4260 | D:4      | Noticed Eustachio
  4291 | D:4      | Killed Eustachio
  4292 | D:4      | Reached skill level 6 in Long Blades
  4292 | D:4      | Reached XP level 7. HP: 18/57 MP: 12/12
  4706 | D:4      | Learned a level 3 spell: Teleport Other
  5148 | D:2      | Bought a scroll of enchant weapon for 105 gold pieces
  5148 | D:2      | Bought a scroll of identify for 28 gold pieces
  5148 | D:2      | Bought a scroll of immolation for 56 gold pieces
  5261 | D:5      | Entered Level 5 of the Dungeon
  5270 | D:5      | Reached skill level 5 in Dodging
  5431 | D:5      | Identified the +4 dagger "Rydimoto" {flame, *Corrode rN+
                  | Will+ MP+9}
  5605 | D:5      | Reached XP level 8. HP: 33/66 MP: 13/13
  6038 | D:5      | Reached skill level 7 in Long Blades
  6310 | D:6      | Found Vopreuw's General Store.
  6317 | D:6      | Bought a scroll of magic mapping for 90 gold pieces
  6377 | D:6      | Found Sokowiss's Armour Shoppe.
  6507 | D:6      | Reached skill level 8 in Long Blades
  6618 | D:6      | Found Laimaos's General Store.
  7252 | D:6      | Noticed a troll
  7286 | D:6      | Killed a troll
  7287 | D:6      | Reached XP level 9. HP: 31/71 MP: 14/14
  7727 | D:6      | Upgraded the game from 0.30-a0-622-gddc90eaa04 to
                  | 0.30-a0-626-gd6a5dd7a1f
  8313 | D:7      | Reached skill level 5 in Fighting
  8419 | D:7      | Found a large runed translucent door.
  8419 | D:7      | Found a large runed translucent door.
  8422 | D:7      | Noticed Iich's ghost (novice DsBe)
  8650 | D:7      | Found a staircase to the Ecumenical Temple.
  8661 | Temple   | Entered the Ecumenical Temple
  8675 | Temple   | Learned a level 4 spell: Manifold Assault
  9106 | D:8      | Noticed Pikel
  9127 | D:8      | Killed Pikel
  9128 | D:8      | Reached skill level 9 in Long Blades
  9798 | D:9      | Noticed a two-headed ogre
  9817 | D:9      | Killed a two-headed ogre
  9818 | D:9      | Reached skill level 10 in Long Blades
  9880 | D:9      | Noticed Grum
  9911 | D:9      | Killed Grum
  9912 | D:9      | Reached XP level 10. HP: 14/81 MP: 15/15
 10319 | D:9      | Identified the +9 falchion of Dissatisfaction {heavy,
                  | *Corrode rElec rC+ SInv}
 10930 | D:9      | Paralysed by a hornet for 1 turns
 10934 | D:9      | Reached skill level 10 in Dodging
 11092 | D:9      | Noticed a two-headed ogre
 11104 | D:9      | Killed a two-headed ogre
 11668 | D:10     | Entered Level 10 of the Dungeon
 12151 | D:10     | Noticed a centaur warrior
 12158 | D:10     | Reached skill level 11 in Long Blades
 12179 | D:10     | HP: 3/83 [centaur warrior (6)]
 12179 | D:10     | HP: 1/83 [centaur warrior (2)]
 12180 | D:10     | Mangled by a centaur warrior

Illustrated notes

Levels and vault maps discovered:
D:1:      erik_arrival_triangle_medium, layout_rooms, serial_forest,
          infiniplex_forest_straight_2, infiniplex_forest_clump_diagonal,
          infiniplex_forest_clump_C, infiniplex_forest_end_2,
          infiniplex_forest_join, infiniplex_forest_clump_curved,
          solitary_fountain
D:2:      layout_loops_corners, serial_shops, nicolae_shop_advertising_works
          [nicolae_subvault_shop_adworks], amethyst_killhole, uniq_jessica
D:3:      layout_basic, mainiacjoe_overflow_catwalk, uniq_natasha
D:4:      layout_basic, dk_noncrumbling_3, dreamdust_wishing_well,
          dk_noncrumbling_2, uniq_eustachio
D:5:      layout_loops_ring, gammafunk_temple_overflow_statue
D:6:      layout_cave_pods, serial_shops, nicolae_shop_behind_doors,
          shop_fountains, nicolae_shop_statue_plus, serial_undead,
          serial_undead_e, serial_undead_c, serial_undead_f, serial_undead_b,
          serial_undead_e, serial_undead_f, serial_undead_e, serial_undead_c
D:7:      layout_basic, minmay_temple_entry_glassed_door,
          ebering_ghost_disaster_area
D:8:      layout_loops_ring, uniq_pikel
D:9:      layout_basic, kennysheep_mini, serial_curves, eino_curves_02,
          eino_curves_01, uniq_grum
D:10:     cheibrodos_barr_body, layout_irregular_city,
          nicolae_tso_carved_into_rock, orc_david_3,
          nicolae_trove_entry_diagonal
Temple:   minmay_temple_bridge_d

Skill      XL: |  1  2  3  4  5  6  7  8  9 10 |
---------------+-------------------------------+-----
Fighting       | 2 3 4 5 6 |  6.0
Long Blades    | 2 3 5 6 8 10 11 | 11.0
Dodging        | 2 3 6 7 8 10 | 10.0
Spellcasting   | 2 |  2.0
Translocations | 3 |  3.0
Throwing       | |  0.8
Armour         | |  0.8

Action                   |  1- 3 |  4- 6 |  7- 9 | 10-12 || total
-------------------------+-------+-------+-------+-------++-------
Melee: Falchion          |    62 |       |       |    83 ||   145
       Punch             |     1 |     2 |     6 |     1 ||    10
       Long sword        |    70 |   135 |   266 |    34 ||   505
Throw: Dart              |       |       |     9 |     6 ||    15
       Boomerang         |       |       |     8 |     1 ||     9
       Throwing net      |       |       |     1 |       ||     1
Evoke: Wand              |       |       |       |     1 ||     1
  Use: Scroll            |       |     7 |     8 |     1 ||    16
       Potion            |       |     3 |     4 |     8 ||    15
 Stab: Sleeping          |     1 |     3 |     6 |       ||    10
       Distracted        |       |       |     1 |       ||     1
       Held in net/web   |       |       |     1 |       ||     1
       Invisible         |       |       |       |     2 ||     2
Armor: Leather armour    |    55 |    49 |    82 |       ||   186
       Robe              |       |       |     4 |    10 ||    14
Dodge: Dodged            |   114 |   118 |   341 |   117 ||   690

Table legend: (Time is in decaauts)
 A = Elapsed time spent in this place.
 B = Non-inter-level travel time spent in this place.
 C = Inter-level travel time spent in this place.
 D = Time resting spent in this place.
 E = Time spent auto-exploring this place.
 F = Levels seen in this place.
 G = Mean time per level.
                   A        B        C        D        E       F      G
               +--------+--------+--------+--------+--------+-----+--------+
         Total |  12492 |  11196 |   1296 |   2867 |   5444 |  11 | 1135.6 |
       Dungeon |  12468 |  11173 |   1295 |   2867 |   5444 |  10 | 1246.8 |
        Temple |     23 |     22 |      1 |      0 |      0 |   1 |   23.0 |
               +--------+--------+--------+--------+--------+-----+--------+

Top non-repeatable levels by time:
     D:9: 2029 daAuts
     D:2: 1669 daAuts
     D:4: 1622 daAuts
     D:6: 1551 daAuts
     D:5: 1197 daAuts
     D:3: 1182 daAuts
     D:8: 1099 daAuts
     D:1: 1040 daAuts
     D:7: 822 daAuts
    D:10: 253 daAuts
  Temple: 23 daAuts
